![]() |
![]() |
![]() |
html PUBLIC "-//W3C//DTD XHTML 1.0 Transitional//EN" "http://www.w3.org/TR/xhtml1/DTD/xhtml1-transitional.dtd">
NORTH DAKOTA HAWKS vs REGINA FALCONSCreated - 14 novembre 2024 at 14:30
1st period
1. NORTH DAKOTA HAWKS , Garnet Hathaway 1 (Ryan Hartman 1, Ryan Lindgren 1) at 3:20
2. NORTH DAKOTA HAWKS , Nico Sturm 2 (Cale Makar 10, Justin Danforth 4) at 10:05 3. REGINA FALCONS , Anze Kopitar 5 (Rickard Rakell 7) at 16:06 4. NORTH DAKOTA HAWKS , Jason Robertson 6 (Jack Hughes 8) at 17:55 Penalties :
Logan Stanley (REG) for Hooking (Minor) at 3:37
2nd period
5. NORTH DAKOTA HAWKS , Nick Suzuki 7 (Jake DeBrusk 8) at 1:07
6. NORTH DAKOTA HAWKS , Justin Danforth 3 (Beck Malenstyn 4, Nico Sturm 4) at 1:33 7. REGINA FALCONS , Max Jones 3 (Tanner Pearson 6) at 3:06 Penalties :
Ryker Evans (REG) for Interference (Minor) at 16:34
3rd period
No Goal
Penalties :
Marco Scandella (REG) for Roughing (Minor) at 2:01, Beck Malenstyn (NDH) for Holding (Minor) at 2:01, Ryan Lindgren (NDH) for Interference (Minor) at 7:15, Ryker Evans (REG) for Tripping (Minor) at 12:53, Pierre-Olivier Joseph (REG) for Holding (Minor) at 18:21
Goalie StatsLinus Ullmark (NDH), 23 saves from 25 shots - (0,920), W, 7-5-2, 60:00 minutes
Chris Driedger (REG), 12 saves from 16 shots - (0,750), L, 2-8-1, 21:07 minutes
Troy Grosenick (REG), 23 saves from 24 shots - (0,958), 38:53 minutes Players Stats for NORTH DAKOTA HAWKSPlayer Name G A P +/- PIM S H SB GA TA FO MP PP MP PK MP ------------------------------------------------------------------------------------ Beck Malenstyn 0 1 1 1 2 0 1 0 0 0 0/1 10:06 0:00 0:00 Ben Hutton 0 0 0 -1 0 0 1 1 0 0 0/0 19:26 3:25 1:11 Cale Makar 0 1 1 2 0 5 1 2 0 0 0/0 27:37 4:10 1:11 Frederick Gaudreau 0 0 0 1 0 1 0 0 0 0 1/10 10:18 3:28 0:48 Garnet Hathaway 1 0 1 1 0 1 4 0 0 0 0/0 6:02 0:00 0:00 Jack Hughes 0 1 1 0 0 7 2 1 0 0 10/23 21:59 2:36 1:11 Jacob Bernard-Docker 0 0 0 2 0 1 0 1 0 0 0/0 17:42 0:10 0:48 Jake DeBrusk 0 1 1 1 0 4 1 0 0 0 0/2 20:12 4:07 0:00 Jason Robertson 1 0 1 0 0 4 1 0 0 0 1/3 22:28 3:28 0:48 Jonas Siegenthaler 0 0 0 2 0 0 0 0 0 0 0/0 19:40 0:00 0:48 Justin Danforth 1 1 2 1 0 3 0 1 0 0 0/1 10:07 0:00 0:00 Nick Suzuki 1 0 1 1 0 6 0 0 0 0 17/29 21:01 4:07 0:00 Nico Sturm 1 1 2 1 0 1 1 0 0 0 11/16 13:57 3:28 1:11 Oliver Kylington 0 0 0 -1 0 0 0 3 0 0 0/0 10:56 0:00 0:00 Reyley Smith 0 0 0 1 0 4 1 0 0 0 1/1 19:22 4:07 0:00 Ryan Hartman 0 1 1 1 0 1 0 0 0 0 0/0 6:02 0:00 0:00 Ryan Lindgren 0 1 1 2 2 1 1 0 0 0 0/0 22:02 4:49 0:00 Tomas Nosek 0 0 0 0 0 1 0 0 0 0 0/0 17:03 0:00 0:00 Players Stats for REGINA FALCONSPlayer Name G A P +/- PIM S H SB GA TA FO MP PP MP PK MP ------------------------------------------------------------------------------------ Alex Iafallo 0 0 0 -1 0 1 1 0 0 0 1/2 18:07 0:50 0:33 Andre Burakovsky 0 0 0 -1 0 3 0 0 0 0 0/1 17:01 0:50 0:11 Anze Kopitar 1 0 1 -1 0 7 0 1 0 0 21/32 22:27 1:09 0:00 Christian Dvorak 0 0 0 -1 0 0 0 2 0 0 10/13 16:42 0:00 4:18 Egor Afanasyev 0 0 0 -1 0 1 0 1 0 0 1/4 5:12 0:00 0:00 Jakub Vrana 0 0 0 -1 0 0 0 0 0 0 0/0 8:18 0:00 3:06 Jimmy Huntington 0 0 0 0 0 0 0 0 0 0 0/0 0:00 0:00 0:00 Leo Carlsson 0 0 0 0 0 2 0 0 0 0 0/0 19:06 1:09 3:06 Logan Stanley 0 0 0 -1 2 0 1 0 0 0 0/0 14:36 0:00 1:02 Marco Scandella 0 0 0 -2 2 0 4 2 0 0 0/0 19:42 0:50 2:15 Max Jones 1 0 1 -1 0 3 1 0 0 0 0/1 12:24 0:00 0:00 Pierre-Olivier Joseph 0 0 0 -2 2 1 2 1 0 0 0/0 20:01 0:50 1:58 Rickard Rakell 0 1 1 0 0 2 1 0 0 0 4/10 21:33 1:09 4:18 Robbie Russo 0 0 0 -1 0 0 0 1 0 0 0/0 16:08 0:00 3:09 Ryker Evans 0 0 0 0 4 0 0 0 0 0 0/0 23:28 1:09 2:08 Tanner Pearson 0 1 1 -1 0 1 0 0 0 0 1/4 12:24 0:00 0:00 Torey Krug 0 0 0 0 0 1 0 1 0 0 0/0 25:38 1:09 4:16 William Eklund 0 0 0 -1 0 3 0 0 0 0 7/19 17:34 0:50 0:00 3 Stars
1 - Nico Sturm (NDH)
2 - Justin Danforth (NDH) 3 - Garnet Hathaway (NDH) Power PlayNORTH DAKOTA HAWKS - 0 on 4 Attempt(s) - 0,00%
REGINA FALCONS - 0 on 1 Attempt(s) - 0,00%
Penalty KillNORTH DAKOTA HAWKS - 1 on 1 Attempt(s) - 100,00%
- Score 0 goal in Penalty Kill
REGINA FALCONS - 4 on 4 Attempt(s) - 100,00%
- Score 0 goal in Penalty Kill
Team StatNORTH DAKOTA HAWKS - Hits : 14 - Faceoff Wins : 41 - Blocked Shots : 9 - Penalty Minutes : 4
REGINA FALCONS - Hits : 10 - Faceoff Wins : 45 - Blocked Shots : 9 - Penalty Minutes : 10
Official
Referees : Kyle Rehman and Chris Schlenker
Linesman : Devin Berg and Steven Berry Game Notes
Troy Grosenick enters game at 1:07 of 2nd period
FinanceLevel 1 -- Attendance: 4418 (73,63%) -- Ticket Income 1 038 230 $Level 2 -- Attendance: 3037 (60,74%) -- Ticket Income 546 660 $ Level 3 -- Attendance: 1520 (76,00%) -- Ticket Income 212 800 $ Level 4 -- Attendance: 3382 (84,55%) -- Ticket Income 304 380 $ Luxury Box -- Attendance: 1000 (100,00%) -- Ticket Income 220 000 $ Game was played at the Larouche Arena. Total Attendance: 13357 (74,21%) Total Ticket Income: 2 322 070 $ Other Expense: 23 221 $ Total Income: 2 298 849 $ NORTH DAKOTA HAWKS5 vs 5 Forward Center Left Wing Right Wing Time % Phy DF OF 1 Jack Hughes Jason Robertson Tomas Nosek 34 0 2 3 2 Nick Suzuki Jake DeBrusk Reyley Smith 33 0 2 3 3 Nico Sturm Beck Malenstyn Justin Danforth 20 0 4 1 4 Frederick Gaudreau Garnet Hathaway Ryan Hartman 13 0 5 0 5 vs 5 Defense Defense Defense Time % Phy DF OF 1 Jonas Siegenthaler Cale Makar 40 0 4 1 2 Ryan Lindgren Jacob Bernard-Docker 37 0 5 0 3 Ben Hutton Oliver Kylington 12 0 5 0 4 Ben Hutton Cale Makar 11 0 5 0 PowerPlay Forward Center Left Wing Right Wing Time % Phy DF OF 1 Nick Suzuki Jake DeBrusk Reyley Smith 65 1 0 4 2 Frederick Gaudreau Jason Robertson Nico Sturm 35 1 0 4 PowerPlay Defense Defense Defense Time % Phy DF OF 1 Ryan Lindgren Cale Makar 65 0 0 5 2 Jack Hughes Ben Hutton 35 0 0 5 Penalty Kill 4 Players Forward Center Wing Time % Phy DF OF 1 Nico Sturm Jack Hughes 55 0 4 1 2 Frederick Gaudreau Jason Robertson 45 0 4 1 Penalty Kill 4 Players Defense Defense Defense Time % Phy DF OF 1 Ryan Lindgren Cale Makar 55 0 5 0 2 Jonas Siegenthaler Jacob Bernard-Docker 45 0 5 0 Penalty Kill - 3 Players Forward Forward Time % Phy DF OF 1 Nico Sturm 55 0 5 0 2 Frederick Gaudreau 45 0 5 0 Penalty Kill - 3 Players Defense Defense Defense Time % Phy DF OF 1 Ryan Lindgren Cale Makar 55 0 5 0 2 Jonas Siegenthaler Ben Hutton 45 0 5 0 4 vs 4 Forward Center Wing Time % Phy DF OF 1 Jack Hughes Jason Robertson 55 0 1 4 2 Nick Suzuki Jake DeBrusk 45 0 1 4 4 vs 4 Defense Defense Defense Time % Phy DF OF 1 Jonas Siegenthaler Cale Makar 55 0 1 4 2 Ryan Lindgren Ben Hutton 45 0 4 1 Last Minutes Offensive Center Left Wing Right Wing Defense Defense Jack Hughes Jason Robertson Tomas Nosek Jonas Siegenthaler Cale Makar Last Minutes Defensive Center Left Wing Right Wing Defense Defense Nick Suzuki Jake DeBrusk Reyley Smith Jonas Siegenthaler Cale Makar Goaltenders Starting : Linus Ullmark Backup : Scott Wedgewood Extra Forwards Normal : Jason Robertson, Nico Sturm, Jake DeBrusk - PP : Nick Suzuki, Nico Sturm - PK : Jack Hughes Extra Defensemen Normal : Cale Makar, Ryan Lindgren, Jonas Siegenthaler - PP : Ryan Lindgren - PK : Ryan Lindgren, Cale Makar Penalty Shots Jack Hughes, Jason Robertson, Nick Suzuki, Jake DeBrusk, Reyley Smith Custom OT Lines Forwards Jason Robertson, Jack Hughes, Nick Suzuki, Jake DeBrusk, Reyley Smith, Frederick Gaudreau, Tomas Nosek, Beck Malenstyn, Justin Danforth, Nico Sturm Custom OT Lines Defensemen Cale Makar, Jonas Siegenthaler, Ryan Lindgren, Jacob Bernard-Docker, Ben Hutton Scratches Andreas Englund (Healthy), Emil Bemstrom (Healthy), Alex Laferriere (Healthy), Joel Hanley (Healthy) REGINA FALCONS5 vs 5 Forward Center Left Wing Right Wing Time % Phy DF OF 1 Anze Kopitar Rickard Rakell Leo Carlsson 36 1 2 2 2 William Eklund Alex Iafallo Andre Burakovsky 31 1 2 2 3 Christian Dvorak Tanner Pearson Max Jones 23 1 2 2 4 Egor Afanasyev Jakub Vrana Anze Kopitar 10 1 2 2 5 vs 5 Defense Defense Defense Time % Phy DF OF 1 Torey Krug Ryker Evans 36 1 2 2 2 Marco Scandella Pierre-Olivier Joseph 31 1 2 2 3 Logan Stanley Robbie Russo 23 1 2 2 4 Torey Krug Ryker Evans 10 1 2 2 PowerPlay Forward Center Left Wing Right Wing Time % Phy DF OF 1 Anze Kopitar Rickard Rakell Leo Carlsson 55 1 2 2 2 William Eklund Alex Iafallo Andre Burakovsky 45 1 2 2 PowerPlay Defense Defense Defense Time % Phy DF OF 1 Torey Krug Ryker Evans 55 1 2 2 2 Marco Scandella Pierre-Olivier Joseph 45 1 2 2 Penalty Kill 4 Players Forward Center Wing Time % Phy DF OF 1 Rickard Rakell Christian Dvorak 55 1 2 2 2 Leo Carlsson Jakub Vrana 45 1 2 2 Penalty Kill 4 Players Defense Defense Defense Time % Phy DF OF 1 Torey Krug Ryker Evans 55 1 2 2 2 Marco Scandella Pierre-Olivier Joseph 45 1 2 2 Penalty Kill - 3 Players Forward Forward Time % Phy DF OF 1 Christian Dvorak 55 1 2 2 2 Rickard Rakell 45 1 2 2 Penalty Kill - 3 Players Defense Defense Defense Time % Phy DF OF 1 Torey Krug Ryker Evans 55 1 2 2 2 Marco Scandella Pierre-Olivier Joseph 45 1 2 2 4 vs 4 Forward Center Wing Time % Phy DF OF 1 Anze Kopitar Rickard Rakell 55 1 2 2 2 William Eklund Alex Iafallo 45 1 2 2 4 vs 4 Defense Defense Defense Time % Phy DF OF 1 Torey Krug Ryker Evans 55 1 2 2 2 Marco Scandella Pierre-Olivier Joseph 45 1 2 2 Last Minutes Offensive Center Left Wing Right Wing Defense Defense Anze Kopitar Rickard Rakell Leo Carlsson Torey Krug Ryker Evans Last Minutes Defensive Center Left Wing Right Wing Defense Defense Anze Kopitar Rickard Rakell Leo Carlsson Torey Krug Ryker Evans Goaltenders Starting : Chris Driedger Backup : Troy Grosenick Extra Forwards Normal : Jimmy Huntington, Tanner Pearson, Christian Dvorak - PP : Jimmy Huntington, Tanner Pearson - PK : Christian Dvorak Extra Defensemen Normal : Logan Stanley, Robbie Russo, Marco Scandella - PP : Logan Stanley - PK : Robbie Russo, Marco Scandella Penalty Shots Anze Kopitar, Rickard Rakell, William Eklund, Alex Iafallo, Leo Carlsson Custom OT Lines Forwards Anze Kopitar, Rickard Rakell, William Eklund, Alex Iafallo, Leo Carlsson, Andre Burakovsky, Tanner Pearson, Christian Dvorak, Egor Afanasyev, Max Jones Custom OT Lines Defensemen Torey Krug, Ryker Evans, Marco Scandella, Pierre-Olivier Joseph, Logan Stanley Scratches Adam Fantilli (Fractured Bone in Right Hand Injury)
Play-by-Play1st period0:01 of 1st period - Anze Kopitar wins face-off versus Jack Hughes in neutral zone. 0:20 of 1st period - Shot by Jack Hughes. 0:20 of 1st period - Stopped by Chris Driedger with a rebound. 0:34 of 1st period - Shot by Anze Kopitar. 0:34 of 1st period - Stopped by Linus Ullmark without a rebound. 0:35 of 1st period - Reyley Smith wins face-off versus William Eklund in NORTH DAKOTA HAWKS zone. 0:42 of 1st period - Shot by Nick Suzuki. 0:42 of 1st period - Stopped by Chris Driedger without a rebound. 0:43 of 1st period - Nico Sturm wins face-off versus Tanner Pearson in REGINA FALCONS zone. 1:49 of 1st period - Nick Suzuki is hit by Marco Scandella and loses puck. 2:12 of 1st period - Jake DeBrusk is hit by Pierre-Olivier Joseph and loses puck. 2:45 of 1st period - Icing by Pierre-Olivier Joseph. 2:46 of 1st period - Jack Hughes wins face-off versus William Eklund in REGINA FALCONS zone. 3:07 of 1st period - Shot by Jack Hughes. 3:07 of 1st period - Stopped by Chris Driedger without a rebound. 3:08 of 1st period - Anze Kopitar wins face-off versus Frederick Gaudreau in REGINA FALCONS zone. 3:08 of 1st period - Anze Kopitar is hit by Garnet Hathaway. 3:20 of 1st period - Shot by Ryan Hartman. 3:20 of 1st period - Deflect By Garnet Hathaway. 3:20 of 1st period - Goal by Garnet Hathaway - NORTH DAKOTA HAWKS : 1 - REGINA FALCONS : 0. 3:21 of 1st period - Nick Suzuki wins face-off versus Egor Afanasyev in neutral zone. 3:32 of 1st period - Shot by Cale Makar. 3:32 of 1st period - Shot Misses the Net. 3:34 of 1st period - Shot by Cale Makar. 3:34 of 1st period - Stopped by Chris Driedger with a rebound. 3:37 of 1st period - Minor Penalty to Logan Stanley for Hooking. 3:38 of 1st period - Rickard Rakell wins face-off versus Frederick Gaudreau in REGINA FALCONS zone. 4:54 of 1st period - Off-side. 4:55 of 1st period - Nick Suzuki wins face-off versus Rickard Rakell in neutral zone. 4:58 of 1st period - Shot by Cale Makar. 4:58 of 1st period - Shot Blocked by Marco Scandella. 5:44 of 1st period - Icing by Oliver Kylington. 5:45 of 1st period - William Eklund wins face-off versus Jack Hughes in NORTH DAKOTA HAWKS zone. 6:10 of 1st period - Shot by Jason Robertson. 6:10 of 1st period - Stopped by Chris Driedger without a rebound. 6:11 of 1st period - Nico Sturm wins face-off versus Anze Kopitar in REGINA FALCONS zone. 7:18 of 1st period - Nick Suzuki is hit by Max Jones and loses puck. 7:24 of 1st period - Christian Dvorak is hit by Ryan Lindgren and loses puck. 7:46 of 1st period - Shot by Torey Krug. 7:46 of 1st period - Shot Misses the Net. 7:48 of 1st period - Shot by Tanner Pearson. 7:48 of 1st period - Shot Misses the Net. 8:18 of 1st period - Shot by Andre Burakovsky. 8:18 of 1st period - Stopped by Linus Ullmark without a rebound. 8:19 of 1st period - Jack Hughes wins face-off versus Egor Afanasyev in NORTH DAKOTA HAWKS zone. 9:31 of 1st period - Shot by Frederick Gaudreau. 9:31 of 1st period - Shot Blocked by Egor Afanasyev. 9:35 of 1st period - Shot by Frederick Gaudreau. 9:35 of 1st period - Shot Misses the Net. 9:37 of 1st period - Shot by Ben Hutton. 9:37 of 1st period - Shot Blocked by Anze Kopitar. 10:03 of 1st period - Shot by Nico Sturm. 10:03 of 1st period - Shot Misses the Net. 10:05 of 1st period - Shot by Nico Sturm. 10:05 of 1st period - Goal by Nico Sturm - NORTH DAKOTA HAWKS : 2 - REGINA FALCONS : 0. 10:06 of 1st period - Christian Dvorak wins face-off versus Nico Sturm in neutral zone. 11:16 of 1st period - Shot by William Eklund. 11:16 of 1st period - Stopped by Linus Ullmark without a rebound. 11:17 of 1st period - William Eklund wins face-off versus Jack Hughes in NORTH DAKOTA HAWKS zone. 11:26 of 1st period - Shot by Jack Hughes. 11:26 of 1st period - Stopped by Chris Driedger with a rebound. 11:36 of 1st period - Shot by Andre Burakovsky. 11:36 of 1st period - Shot Misses the Net. 11:39 of 1st period - Icing by Cale Makar. 11:40 of 1st period - Anze Kopitar wins face-off versus Jack Hughes in NORTH DAKOTA HAWKS zone. 11:47 of 1st period - Shot by Rickard Rakell. 11:47 of 1st period - Shot Misses the Net. 12:39 of 1st period - Shot by Christian Dvorak. 12:39 of 1st period - Shot Misses the Net. 13:30 of 1st period - Shot by Ryan Hartman. 13:30 of 1st period - Stopped by Chris Driedger without a rebound. 13:31 of 1st period - Nico Sturm wins face-off versus William Eklund in REGINA FALCONS zone. 13:46 of 1st period - Shot by Alex Iafallo. 13:46 of 1st period - Stopped by Linus Ullmark with a rebound. 14:35 of 1st period - Shot by Jack Hughes. 14:35 of 1st period - Stopped by Chris Driedger without a rebound. 14:36 of 1st period - Anze Kopitar wins face-off versus Nick Suzuki in REGINA FALCONS zone. 15:09 of 1st period - Shot by Nick Suzuki. 15:09 of 1st period - Deflect By Jake DeBrusk. 15:09 of 1st period - Stopped by Chris Driedger with a rebound. 15:11 of 1st period - Shot by Jake DeBrusk. 15:11 of 1st period - Stopped by Chris Driedger without a rebound. 15:12 of 1st period - Jason Robertson wins face-off versus Christian Dvorak in REGINA FALCONS zone. 15:19 of 1st period - Icing by Pierre-Olivier Joseph. 15:20 of 1st period - Christian Dvorak wins face-off versus Jack Hughes in REGINA FALCONS zone. 15:20 of 1st period - Christian Dvorak is hit by Jason Robertson. 15:42 of 1st period - Shot by Christian Dvorak. 15:42 of 1st period - Shot Blocked by Oliver Kylington. 15:44 of 1st period - Shot by Max Jones. 15:44 of 1st period - Shot Misses the Net. 15:46 of 1st period - Shot by Tanner Pearson. 15:46 of 1st period - Shot Misses the Net. 15:48 of 1st period - Shot by Tanner Pearson. 15:48 of 1st period - Stopped by Linus Ullmark with a rebound. 16:06 of 1st period - Shot by Anze Kopitar. 16:06 of 1st period - Goal by Anze Kopitar - NORTH DAKOTA HAWKS : 2 - REGINA FALCONS : 1. 16:07 of 1st period - Nick Suzuki wins face-off versus Anze Kopitar in neutral zone. 16:58 of 1st period - Icing by Cale Makar. 16:59 of 1st period - Nick Suzuki wins face-off versus William Eklund in NORTH DAKOTA HAWKS zone. 17:23 of 1st period - Shot by Andre Burakovsky. 17:23 of 1st period - Stopped by Linus Ullmark without a rebound. 17:24 of 1st period - Christian Dvorak wins face-off versus Jack Hughes in NORTH DAKOTA HAWKS zone. 17:27 of 1st period - Shot by Max Jones. 17:27 of 1st period - Stopped by Linus Ullmark with a rebound. 17:55 of 1st period - Shot by Jack Hughes. 17:55 of 1st period - Deflect By Jason Robertson. 17:55 of 1st period - Goal by Jason Robertson - NORTH DAKOTA HAWKS : 3 - REGINA FALCONS : 1. 17:56 of 1st period - Anze Kopitar wins face-off versus Frederick Gaudreau in neutral zone. 18:05 of 1st period - Shot by Rickard Rakell. 18:05 of 1st period - Stopped by Linus Ullmark without a rebound. 18:06 of 1st period - Anze Kopitar wins face-off versus Nick Suzuki in NORTH DAKOTA HAWKS zone. 18:23 of 1st period - Icing by Jake DeBrusk. 18:24 of 1st period - Nick Suzuki wins face-off versus Alex Iafallo in NORTH DAKOTA HAWKS zone. 18:40 of 1st period - Icing by Ryan Lindgren. 18:41 of 1st period - Anze Kopitar wins face-off versus Nick Suzuki in NORTH DAKOTA HAWKS zone. 19:16 of 1st period - Icing by Ryan Lindgren. 19:17 of 1st period - Nick Suzuki wins face-off versus William Eklund in NORTH DAKOTA HAWKS zone. 19:36 of 1st period - Shot by William Eklund. 19:36 of 1st period - Stopped by Linus Ullmark with a rebound. 19:50 of 1st period - Shot by Jack Hughes. 19:50 of 1st period - Stopped by Chris Driedger without a rebound. 19:51 of 1st period - Anze Kopitar wins face-off versus Frederick Gaudreau in REGINA FALCONS zone. 19:56 of 1st period - Ryan Hartman is hit by Rickard Rakell and loses puck. Goals for this period are 3 for NORTH DAKOTA HAWKS vs 1 for REGINA FALCONS. Shots for this period are 14 for NORTH DAKOTA HAWKS vs 10 for REGINA FALCONS. 2nd period0:01 of 2nd period - Jack Hughes wins face-off versus Rickard Rakell in neutral zone. 0:19 of 2nd period - Icing by Jack Hughes. 0:20 of 2nd period - Jack Hughes wins face-off versus William Eklund in NORTH DAKOTA HAWKS zone. 0:43 of 2nd period - Shot by Jason Robertson. 0:43 of 2nd period - Shot Misses the Net. 0:45 of 2nd period - Shot by Cale Makar. 0:45 of 2nd period - Stopped by Chris Driedger with a rebound. 0:53 of 2nd period - Shot by Jack Hughes. 0:53 of 2nd period - Deflect By Jason Robertson. 0:53 of 2nd period - Shot Misses the Net. 1:07 of 2nd period - Shot by Nick Suzuki. 1:07 of 2nd period - Goal by Nick Suzuki - NORTH DAKOTA HAWKS : 4 - REGINA FALCONS : 1. 1:07 of 2nd period - Troy Grosenick enters game. 1:08 of 2nd period - Anze Kopitar wins face-off versus Frederick Gaudreau in neutral zone. 1:08 of 2nd period - Rickard Rakell is hit by Garnet Hathaway and loses puck. 1:24 of 2nd period - Shot by Garnet Hathaway. 1:24 of 2nd period - Shot Misses the Net. 1:26 of 2nd period - Shot by Frederick Gaudreau. 1:26 of 2nd period - Stopped by Troy Grosenick without a rebound. 1:27 of 2nd period - Nico Sturm wins face-off versus Tanner Pearson in REGINA FALCONS zone. 1:27 of 2nd period - Nico Sturm is hit by Marco Scandella. 1:29 of 2nd period - Shot by Justin Danforth. 1:29 of 2nd period - Shot Blocked by Marco Scandella. 1:31 of 2nd period - Shot by Beck Malenstyn. 1:31 of 2nd period - Deflect By Justin Danforth. 1:31 of 2nd period - Shot Misses the Net. 1:33 of 2nd period - Shot by Justin Danforth. 1:33 of 2nd period - Goal by Justin Danforth - NORTH DAKOTA HAWKS : 5 - REGINA FALCONS : 1. 1:34 of 2nd period - Nick Suzuki wins face-off versus Anze Kopitar in neutral zone. 2:58 of 2nd period - Shot by William Eklund. 2:58 of 2nd period - Shot Misses the Net. 3:04 of 2nd period - Shot by Andre Burakovsky. 3:04 of 2nd period - Stopped by Linus Ullmark without a rebound. 3:05 of 2nd period - Tanner Pearson wins face-off versus Nico Sturm in NORTH DAKOTA HAWKS zone. 3:06 of 2nd period - Shot by Max Jones. 3:06 of 2nd period - Goal by Max Jones - NORTH DAKOTA HAWKS : 5 - REGINA FALCONS : 2. 3:07 of 2nd period - Christian Dvorak wins face-off versus Nico Sturm in neutral zone. 3:28 of 2nd period - Icing by Oliver Kylington. 3:29 of 2nd period - Anze Kopitar wins face-off versus Beck Malenstyn in NORTH DAKOTA HAWKS zone. 3:44 of 2nd period - Shot by Leo Carlsson. 3:44 of 2nd period - Shot Blocked by Oliver Kylington. 4:13 of 2nd period - Icing by Rickard Rakell. 4:14 of 2nd period - Nick Suzuki wins face-off versus Anze Kopitar in REGINA FALCONS zone. 4:17 of 2nd period - Shot by Reyley Smith. 4:17 of 2nd period - Stopped by Troy Grosenick without a rebound. 4:18 of 2nd period - Christian Dvorak wins face-off versus Jack Hughes in REGINA FALCONS zone. 4:18 of 2nd period - Christian Dvorak is hit by Jack Hughes. 4:36 of 2nd period - Shot by Tanner Pearson. 4:36 of 2nd period - Shot Blocked by Jack Hughes. 6:12 of 2nd period - Icing by Torey Krug. 6:13 of 2nd period - Frederick Gaudreau wins face-off versus William Eklund in REGINA FALCONS zone. 6:16 of 2nd period - Shot by Ryan Hartman. 6:16 of 2nd period - Deflect By Garnet Hathaway. 6:16 of 2nd period - Shot Misses the Net. 6:25 of 2nd period - William Eklund is hit by Cale Makar. 6:38 of 2nd period - Ryan Hartman is hit by Logan Stanley and loses puck. 6:48 of 2nd period - Leo Carlsson is hit by Garnet Hathaway and loses puck. 7:06 of 2nd period - Anze Kopitar is hit by Ben Hutton and loses puck. 8:00 of 2nd period - Shot by Jason Robertson. 8:00 of 2nd period - Shot Misses the Net. 8:14 of 2nd period - Shot by Beck Malenstyn. 8:14 of 2nd period - Shot Misses the Net. 8:19 of 2nd period - Icing by Christian Dvorak. 8:20 of 2nd period - Nick Suzuki wins face-off versus Tanner Pearson in REGINA FALCONS zone. 8:51 of 2nd period - Shot by Cale Makar. 8:51 of 2nd period - Stopped by Troy Grosenick without a rebound. 8:52 of 2nd period - William Eklund wins face-off versus Justin Danforth in REGINA FALCONS zone. 8:52 of 2nd period - William Eklund is hit by Beck Malenstyn. 9:12 of 2nd period - Shot by Justin Danforth. 9:12 of 2nd period - Shot Blocked by Torey Krug. 9:20 of 2nd period - Shot by Justin Danforth. 9:20 of 2nd period - Stopped by Troy Grosenick without a rebound. 9:21 of 2nd period - Anze Kopitar wins face-off versus Jack Hughes in REGINA FALCONS zone. 9:48 of 2nd period - Shot by Rickard Rakell. 9:48 of 2nd period - Shot Misses the Net. 9:51 of 2nd period - Icing by Ryan Lindgren. 9:52 of 2nd period - Alex Iafallo wins face-off versus Jack Hughes in NORTH DAKOTA HAWKS zone. 10:48 of 2nd period - Shot by Anze Kopitar. 10:48 of 2nd period - Stopped by Linus Ullmark without a rebound. 10:49 of 2nd period - Anze Kopitar wins face-off versus Nico Sturm in NORTH DAKOTA HAWKS zone. 10:50 of 2nd period - Shot by Leo Carlsson. 10:50 of 2nd period - Deflect By Rickard Rakell. 10:50 of 2nd period - Shot Blocked by Oliver Kylington. 11:27 of 2nd period - Icing by Ben Hutton. 11:28 of 2nd period - Nico Sturm wins face-off versus Christian Dvorak in NORTH DAKOTA HAWKS zone. 12:07 of 2nd period - Shot by Nick Suzuki. 12:07 of 2nd period - Stopped by Troy Grosenick without a rebound. 12:08 of 2nd period - Jack Hughes wins face-off versus Egor Afanasyev in REGINA FALCONS zone. 12:31 of 2nd period - Shot by Jason Robertson. 12:31 of 2nd period - Deflect By Jack Hughes. 12:31 of 2nd period - Stopped by Troy Grosenick without a rebound. 12:32 of 2nd period - Nick Suzuki wins face-off versus William Eklund in REGINA FALCONS zone. 13:53 of 2nd period - Shot by Jack Hughes. 13:53 of 2nd period - Stopped by Troy Grosenick without a rebound. 13:54 of 2nd period - Christian Dvorak wins face-off versus Frederick Gaudreau in REGINA FALCONS zone. 14:29 of 2nd period - Tanner Pearson is hit by Garnet Hathaway and loses puck. 14:52 of 2nd period - Shot by Rickard Rakell. 14:52 of 2nd period - Shot Blocked by Ben Hutton. 14:54 of 2nd period - Shot by Anze Kopitar. 14:54 of 2nd period - Stopped by Linus Ullmark with a rebound. 15:10 of 2nd period - Shot by Leo Carlsson. 15:10 of 2nd period - Shot Misses the Net. 15:12 of 2nd period - Shot by Anze Kopitar. 15:12 of 2nd period - Stopped by Linus Ullmark without a rebound. 15:13 of 2nd period - William Eklund wins face-off versus Jack Hughes in NORTH DAKOTA HAWKS zone. 16:34 of 2nd period - Shot by Nick Suzuki. 16:34 of 2nd period - Stopped by Troy Grosenick without a rebound. 16:34 of 2nd period - Minor Penalty to Ryker Evans for Interference. 16:35 of 2nd period - Christian Dvorak wins face-off versus Nick Suzuki in REGINA FALCONS zone. 16:35 of 2nd period - Christian Dvorak is hit by Reyley Smith. 16:47 of 2nd period - Shot by Nick Suzuki. 16:47 of 2nd period - Shot Blocked by Christian Dvorak. 16:55 of 2nd period - Shot by Cale Makar. 16:55 of 2nd period - Stopped by Troy Grosenick without a rebound. 16:56 of 2nd period - Rickard Rakell wins face-off versus Frederick Gaudreau in REGINA FALCONS zone. 16:56 of 2nd period - Rickard Rakell is hit by Nico Sturm. 17:09 of 2nd period - Off-side. 17:10 of 2nd period - Nick Suzuki wins face-off versus Rickard Rakell in neutral zone. 18:01 of 2nd period - Shot by Jason Robertson. 18:01 of 2nd period - Deflect By Nico Sturm. 18:01 of 2nd period - Shot Misses the Net. 19:37 of 2nd period - Shot by Egor Afanasyev. 19:37 of 2nd period - Stopped by Linus Ullmark without a rebound. 19:38 of 2nd period - Christian Dvorak wins face-off versus Jason Robertson in NORTH DAKOTA HAWKS zone. 19:43 of 2nd period - Shot by Max Jones. 19:43 of 2nd period - Shot Misses the Net. 19:45 of 2nd period - Shot by Pierre-Olivier Joseph. 19:45 of 2nd period - Stopped by Linus Ullmark without a rebound. 19:46 of 2nd period - Jack Hughes wins face-off versus Anze Kopitar in NORTH DAKOTA HAWKS zone. 19:48 of 2nd period - Icing by Jason Robertson. 19:49 of 2nd period - Jack Hughes wins face-off versus Anze Kopitar in NORTH DAKOTA HAWKS zone. Goals for this period are 2 for NORTH DAKOTA HAWKS vs 1 for REGINA FALCONS. Shots for this period are 12 for NORTH DAKOTA HAWKS vs 7 for REGINA FALCONS. 3rd period0:01 of 3rd period - Anze Kopitar wins face-off versus Nick Suzuki in neutral zone. 0:12 of 3rd period - Shot by Torey Krug. 0:12 of 3rd period - Stopped by Linus Ullmark without a rebound. 0:13 of 3rd period - Jack Hughes wins face-off versus William Eklund in NORTH DAKOTA HAWKS zone. 0:31 of 3rd period - Shot by Jason Robertson. 0:31 of 3rd period - Stopped by Troy Grosenick without a rebound. 0:32 of 3rd period - Anze Kopitar wins face-off versus Nick Suzuki in REGINA FALCONS zone. 0:34 of 3rd period - Icing by Torey Krug. 0:35 of 3rd period - Nick Suzuki wins face-off versus Anze Kopitar in REGINA FALCONS zone. 1:04 of 3rd period - Shot by Leo Carlsson. 1:04 of 3rd period - Stopped by Linus Ullmark with a rebound. 1:06 of 3rd period - Shot by Torey Krug. 1:06 of 3rd period - Shot Misses the Net. 1:08 of 3rd period - Shot by Anze Kopitar. 1:08 of 3rd period - Shot Misses the Net. 1:10 of 3rd period - Shot by Anze Kopitar. 1:10 of 3rd period - Stopped by Linus Ullmark without a rebound. 1:11 of 3rd period - Jack Hughes wins face-off versus Christian Dvorak in NORTH DAKOTA HAWKS zone. 1:22 of 3rd period - Shot by Max Jones. 1:22 of 3rd period - Shot Blocked by Jacob Bernard-Docker. 1:52 of 3rd period - Shot by Jason Robertson. 1:52 of 3rd period - Shot Misses the Net. 2:01 of 3rd period - Minor Penalty to Marco Scandella for Roughing. 2:01 of 3rd period - Minor Penalty to Beck Malenstyn for Holding. 2:02 of 3rd period - Anze Kopitar wins face-off versus Nick Suzuki in REGINA FALCONS zone. 2:21 of 3rd period - Shot by Nick Suzuki. 2:21 of 3rd period - Stopped by Troy Grosenick without a rebound. 2:22 of 3rd period - Anze Kopitar wins face-off versus Jack Hughes in REGINA FALCONS zone. 2:56 of 3rd period - Anze Kopitar is hit by Jack Hughes and loses puck. 3:02 of 3rd period - Icing by Torey Krug. 3:03 of 3rd period - Anze Kopitar wins face-off versus Nick Suzuki in REGINA FALCONS zone. 3:28 of 3rd period - Shot by Jake DeBrusk. 3:28 of 3rd period - Shot Blocked by Pierre-Olivier Joseph. 3:30 of 3rd period - Shot by Ryan Lindgren. 3:30 of 3rd period - Shot Misses the Net. 3:32 of 3rd period - Shot by Ryan Lindgren. 3:32 of 3rd period - Stopped by Troy Grosenick without a rebound. 3:33 of 3rd period - William Eklund wins face-off versus Jack Hughes in REGINA FALCONS zone. 4:11 of 3rd period - Shot by Max Jones. 4:11 of 3rd period - Stopped by Linus Ullmark without a rebound. 4:12 of 3rd period - Egor Afanasyev wins face-off versus Jake DeBrusk in NORTH DAKOTA HAWKS zone. 4:13 of 3rd period - Shot by Anze Kopitar. 4:13 of 3rd period - Shot Misses the Net. 4:31 of 3rd period - Shot by Jake DeBrusk. 4:31 of 3rd period - Shot Misses the Net. 5:29 of 3rd period - Shot by Jason Robertson. 5:29 of 3rd period - Shot Misses the Net. 5:31 of 3rd period - Shot by Jacob Bernard-Docker. 5:31 of 3rd period - Stopped by Troy Grosenick with a rebound. 5:33 of 3rd period - Shot by Ryan Lindgren. 5:33 of 3rd period - Shot Misses the Net. 5:35 of 3rd period - Shot by Jack Hughes. 5:35 of 3rd period - Shot Hit the Post. 5:37 of 3rd period - Shot by Tomas Nosek. 5:37 of 3rd period - Stopped by Troy Grosenick with a rebound. 5:52 of 3rd period - Off-side. 5:53 of 3rd period - Nico Sturm wins face-off versus William Eklund in neutral zone. 6:10 of 3rd period - Shot by William Eklund. 6:10 of 3rd period - Deflect By Andre Burakovsky. 6:10 of 3rd period - Shot Misses the Net. 6:12 of 3rd period - Shot by William Eklund. 6:12 of 3rd period - Stopped by Linus Ullmark without a rebound. 6:13 of 3rd period - Christian Dvorak wins face-off versus Nick Suzuki in NORTH DAKOTA HAWKS zone. 6:28 of 3rd period - Shot by Reyley Smith. 6:28 of 3rd period - Shot Misses the Net. 6:30 of 3rd period - Shot by Reyley Smith. 6:30 of 3rd period - Shot Blocked by Christian Dvorak. 6:32 of 3rd period - Shot by Oliver Kylington. 6:32 of 3rd period - Shot Misses the Net. 6:44 of 3rd period - Shot by Jake DeBrusk. 6:44 of 3rd period - Shot Blocked by Robbie Russo. 6:46 of 3rd period - Shot by Reyley Smith. 6:46 of 3rd period - Stopped by Troy Grosenick without a rebound. 6:47 of 3rd period - William Eklund wins face-off versus Jack Hughes in REGINA FALCONS zone. 6:57 of 3rd period - Off-side. 6:58 of 3rd period - William Eklund wins face-off versus Nico Sturm in neutral zone. 7:15 of 3rd period - Minor Penalty to Ryan Lindgren for Interference. 7:16 of 3rd period - Nico Sturm wins face-off versus Anze Kopitar in NORTH DAKOTA HAWKS zone. 7:55 of 3rd period - Shot by Jason Robertson. 7:55 of 3rd period - Stopped by Troy Grosenick without a rebound. 7:56 of 3rd period - Nico Sturm wins face-off versus William Eklund in REGINA FALCONS zone. 8:28 of 3rd period - Off-side. 8:29 of 3rd period - Anze Kopitar wins face-off versus Frederick Gaudreau in neutral zone. 8:57 of 3rd period - Shot by Anze Kopitar. 8:57 of 3rd period - Stopped by Linus Ullmark without a rebound. 8:58 of 3rd period - Nico Sturm wins face-off versus Andre Burakovsky in NORTH DAKOTA HAWKS zone. 9:11 of 3rd period - Shot by Andre Burakovsky. 9:11 of 3rd period - Shot Misses the Net. 9:29 of 3rd period - Shot by Jake DeBrusk. 9:29 of 3rd period - Stopped by Troy Grosenick without a rebound. 9:30 of 3rd period - Jack Hughes wins face-off versus Anze Kopitar in REGINA FALCONS zone. 9:59 of 3rd period - Shot by Rickard Rakell. 9:59 of 3rd period - Shot Misses the Net. 10:01 of 3rd period - Shot by Anze Kopitar. 10:01 of 3rd period - Shot Misses the Net. 10:03 of 3rd period - Shot by Anze Kopitar. 10:03 of 3rd period - Shot Blocked by Cale Makar. 10:41 of 3rd period - Shot by Reyley Smith. 10:41 of 3rd period - Shot Misses the Net. 10:43 of 3rd period - Shot by Reyley Smith. 10:43 of 3rd period - Stopped by Troy Grosenick without a rebound. 10:44 of 3rd period - Nico Sturm wins face-off versus Max Jones in REGINA FALCONS zone. 10:57 of 3rd period - Shot by Justin Danforth. 10:57 of 3rd period - Stopped by Troy Grosenick without a rebound. 10:58 of 3rd period - Anze Kopitar wins face-off versus Nick Suzuki in REGINA FALCONS zone. 10:58 of 3rd period - Anze Kopitar is hit by Jake DeBrusk. 11:10 of 3rd period - Shot by Rickard Rakell. 11:10 of 3rd period - Stopped by Linus Ullmark without a rebound. 11:11 of 3rd period - Nico Sturm wins face-off versus William Eklund in NORTH DAKOTA HAWKS zone. 11:11 of 3rd period - Cale Makar is hit by Alex Iafallo and loses puck. 11:43 of 3rd period - Beck Malenstyn is hit by Marco Scandella and loses puck. 11:46 of 3rd period - Shot by Nico Sturm. 11:46 of 3rd period - Shot Misses the Net. 11:51 of 3rd period - Beck Malenstyn is hit by Marco Scandella and loses puck. 12:25 of 3rd period - Jack Hughes is hit by Pierre-Olivier Joseph and loses puck. 12:53 of 3rd period - Minor Penalty to Ryker Evans for Tripping. 12:54 of 3rd period - Nick Suzuki wins face-off versus Rickard Rakell in REGINA FALCONS zone. 12:57 of 3rd period - Shot by Reyley Smith. 12:57 of 3rd period - Stopped by Troy Grosenick without a rebound. 12:58 of 3rd period - Nick Suzuki wins face-off versus Rickard Rakell in REGINA FALCONS zone. 12:59 of 3rd period - Shot by Cale Makar. 12:59 of 3rd period - Shot Misses the Net. 13:10 of 3rd period - Off-side. 13:11 of 3rd period - Nick Suzuki wins face-off versus Rickard Rakell in neutral zone. 13:34 of 3rd period - Shot by Nick Suzuki. 13:34 of 3rd period - Stopped by Troy Grosenick with a rebound. 14:55 of 3rd period - Shot by Nick Suzuki. 14:55 of 3rd period - Deflect By Beck Malenstyn. 14:55 of 3rd period - Shot Misses the Net. 15:05 of 3rd period - Shot by Andre Burakovsky. 15:05 of 3rd period - Shot Blocked by Cale Makar. 15:07 of 3rd period - Shot by William Eklund. 15:07 of 3rd period - Shot Misses the Net. 15:09 of 3rd period - Shot by Alex Iafallo. 15:09 of 3rd period - Shot Blocked by Justin Danforth. 16:00 of 3rd period - Shot by Ryan Hartman. 16:00 of 3rd period - Shot Misses the Net. 16:17 of 3rd period - Off-side. 16:18 of 3rd period - Nick Suzuki wins face-off versus Anze Kopitar in neutral zone. 16:25 of 3rd period - Shot by Jake DeBrusk. 16:25 of 3rd period - Stopped by Troy Grosenick without a rebound. 16:26 of 3rd period - Anze Kopitar wins face-off versus Nick Suzuki in REGINA FALCONS zone. 16:36 of 3rd period - Icing by Jacob Bernard-Docker. 16:37 of 3rd period - Anze Kopitar wins face-off versus Nick Suzuki in NORTH DAKOTA HAWKS zone. 16:40 of 3rd period - Shot by Rickard Rakell. 16:40 of 3rd period - Shot Misses the Net. 16:50 of 3rd period - Shot by Leo Carlsson. 16:50 of 3rd period - Stopped by Linus Ullmark without a rebound. 16:51 of 3rd period - Christian Dvorak wins face-off versus Jason Robertson in NORTH DAKOTA HAWKS zone. 18:18 of 3rd period - Icing by Marco Scandella. 18:19 of 3rd period - Nick Suzuki wins face-off versus Anze Kopitar in REGINA FALCONS zone. 18:21 of 3rd period - Minor Penalty to Pierre-Olivier Joseph for Holding. 18:22 of 3rd period - Rickard Rakell wins face-off versus Jake DeBrusk in REGINA FALCONS zone. 19:20 of 3rd period - Shot by Cale Makar. 19:20 of 3rd period - Stopped by Troy Grosenick without a rebound. 19:21 of 3rd period - Rickard Rakell wins face-off versus Frederick Gaudreau in REGINA FALCONS zone. Goals for this period are 0 for NORTH DAKOTA HAWKS vs 0 for REGINA FALCONS. Shots for this period are 14 for NORTH DAKOTA HAWKS vs 8 for REGINA FALCONS. Back to the Top |
![]() |
![]() |
![]() |
MATTHEW TKACHUK |
TOM WILSON |
JAKE GUENTZEL |